 Dungeon Crawl Stone Soup version 0.24-a0-115-gd155597 (console) character file.

Game seed: 13716620051471569447

340 Duffy the Chopper (level 6, -4/52 HPs)
             Began as a Naga Gladiator on Feb 16, 2019.
             Slain by an ogre
             ... wielding a +0 giant spiked club
              (16 damage)
             ... on level 6 of the Dungeon.
             The game lasted 00:01:18 (1139 turns).

Duffy the Chopper (Naga Gladiator)                  Turns: 1139, Time: 00:01:19

Health: -4/52      AC:  4    Str: 17    XL:     6   Next: 56%
Magic:  6/6        EV: 10    Int: 10    God:
Gold:   72         SH:  0    Dex: 12    Spells: 5/5 levels left

rFire    . . .     SeeInvis +   a - +0 war axe
rCold    . . .     Gourm    .   (no shield)
rNeg     . . .     Faith    .   b - +0 leather armour
rPois    +         Spirit   .   c - +0 helmet
rElec    .         Reflect  .   (no cloak)
rCorr    .         Harm     .   (no gloves)
MR       .....                  (no barding)
Stlth    +.........             (no amulet)
HPRegen  0.17/turn              (no ring)
MPRegen  0.10/turn              (no ring)

@: very slow
A: large, see invisible, deformed body, poison resistance, slowness 2, slow
metabolism 1, spit poison 1, AC +2
a: Spit Poison


You were on level 6 of the Dungeon.
You were not hungry.

You visited 1 branch of the dungeon, and saw 6 of its levels.

You collected 72 gold pieces.

Inventory:

Hand Weapons
 a - a +0 war axe (weapon)
 i - a +0 hand axe of flaming
Missiles
 d - 3 throwing nets (quivered)
Armour
 b - a +0 leather armour (worn)
 c - a +0 helmet (worn)
Potions
 e - 3 potions of curing {unknown}
 g - a potion of cancellation {unknown}
 h - a potion of lignification {unknown}
 j - a potion of ambrosia {unknown}
Comestibles
 f - 3 rations


   Skills:
 - Level 2.0 Fighting
 + Level 7.2 Axes
 - Level 1.7 Throwing
 - Level 2.4 Dodging


You had 5 spell levels left.
You didn't know any spells.
Your spell library was empty.

Dungeon Overview and Level Annotations

Branches:
Dungeon (6/15)
 Temple: D:4-7

Altars:
Dithmenos
Hepliaklqana
Trog


Innate Abilities, Weirdness & Mutations

You cannot wear boots.
Your serpentine skin is tough. (AC +2)
You have supernaturally acute eyesight. (SInv)
Armour fits poorly on your strangely shaped body.
Your system is resistant to poisons. (rPois)
You cover ground very slowly.
You have a slow metabolism.
You can spit poison.


Message History

You hit the ogre but do no damage.
The ogre hits you with a +0 giant spiked club!!
Ouch! That really hurt!
You are too injured to fight recklessly!
You are too injured to fight recklessly!
You are too injured to fight recklessly!
You are too injured to fight recklessly!
You are too injured to fight recklessly!
You are too injured to fight recklessly!
You are too injured to fight recklessly!
You are too injured to fight recklessly!
You are too injured to fight recklessly!
You are too injured to fight recklessly!
You are too injured to fight recklessly!
You are too injured to fight recklessly!
You are too injured to fight recklessly!
You slash the ogre!
The ogre is moderately wounded.
The ogre hits you with a +0 giant spiked club!
You die...

#.#.# #####+#.. #
#.#.# #....... ..#.
#.#.# .......
.....##.#.# . .....#
#......<#.#.. .$..#
##...##.#...O ...
###....O.O#
###O########.........
#.)@).....##.........
#.........##.........
#.........##.........
#.........##.........
#.....(...##.........
#.........##.........
#.........#
###<####### ###


You could see an ogre.

Vanquished Creatures
  A centaur (D:5)
  A howler monkey (D:5)
  A crimson imp (D:5)
  A quasit (D:5)
  2 iguanas (D:5)
  An orc wizard (D:6)
  2 worker ants (D:5)
  A hound zombie (D:5)
  An ooze (D:4)
  A leopard gecko (D:5)
  3 orcs (D:6)
  A ball python (D:3)
  A giant cockroach (D:3)
  4 jackals (D:5)
  A quokka (D:5)
  A bat (D:2)
  2 kobolds
  A quokka skeleton (D:5)
26 creatures vanquished.

Notes
Turn   | Place    | Note
-------+----------+-------------------------------------------
     0 | D:1      | Duffy the Naga Gladiator began the quest for the Orb.
     0 | D:1      | Reached XP level 1. HP: 19/19 MP: 1/1
    41 | D:2      | Found a hazy altar of Hepliaklqana.
   148 | D:4      | Reached XP level 2. HP: 21/26 MP: 2/2
   151 | D:5      | Entered Level 5 of the Dungeon
   223 | D:5      | Noticed a crimson imp
   237 | D:5      | Killed a crimson imp
   237 | D:5      | Reached skill level 4 in Axes
   237 | D:5      | Reached XP level 3. HP: 26/32 MP: 3/3
   304 | D:5      | Reached XP level 4. HP: 39/39 MP: 4/4
   342 | D:5      | Reached skill level 5 in Axes
   534 | D:5      | Reached XP level 5. HP: 45/45 MP: 5/5
   550 | D:4      | Noticed an ogre
   589 | D:6      | Noticed an ogre
   657 | D:5      | Noticed a centaur
   658 | D:5      | Found a shadowy altar of Dithmenos.
   671 | D:5      | Killed a centaur
   671 | D:5      | Reached skill level 6 in Axes
   671 | D:5      | Reached XP level 6. HP: 10/52 MP: 6/6
   959 | D:5      | Found a bloodstained altar of Trog.
  1039 | D:5      | Reached skill level 7 in Axes
  1139 | D:6      | Slain by an ogre

Levels and vault maps discovered:
D:1:      mrwooster_arrival_statue_2, layout_basic
D:2:      layout_basic, marbit_many_paths, minmay_misc_feat_four_crosses,
          uniq_robin, uniq_terence
D:3:      layout_rooms
D:4:      layout_basic, first_ration, uniq_natasha
D:5:      layout_basic, nicolae_dithmenos_shadow_blocks, kennysheep_mini,
          old_standard_altar
D:6:      layout_basic, minitemple, minmay_temple_entry_arrows, basic_altar,
          grunt_ashenzari_visionary [grunt_ashenzari_visionary_swamp,
          grunt_ashenzari_visionary_spider]

Skill      XL: |  1  2  3  4  5  6 |
---------------+-------------------+-----
Axes           | 4 5 6 7 |  7.2
Fighting       | |  2.0
Throwing       | |  1.7
Dodging        | |  2.4

Action                   |  1- 3 |  4- 6 || total
-------------------------+-------+-------++-------
Melee: War axe           |    17 |    61 ||    78
 Abil: Spit Poison       |     1 |     6 ||     7
Armor: Leather armour    |     7 |    19 ||    26
Dodge: Dodged            |    13 |    41 ||    54

Table legend:
 A = Non-vault XP
 B = Vault XP
 C = Vault XP percentage of total XP
 D = Non-vault monster count
 E = Vault monster count
 F = Vault count percentage of total count
                 A         B        C        D         E       F
            +---------+---------+-------+---------+---------+-------
      Total |     486 |       1 |   0.2 |      25 |       1 |   3.8
            +---------+---------+-------+---------+---------+-------
        D:2 |       1 |       1 |  50.0 |       1 |       1 |  50.0
        D:3 |       4 |       0 |   0.0 |       2 |       0 |   0.0
        D:4 |       9 |       0 |   0.0 |       2 |       0 |   0.0
        D:5 |     428 |       0 |   0.0 |      16 |       0 |   0.0
        D:6 |      44 |       0 |   0.0 |       4 |       0 |   0.0
            +---------+---------+-------+---------+---------+-------
